 Dungeon Crawl Stone Soup version 0.31-a0-743-g45f7035092 (console) character file.

Game seed: 2777345583504436264

8497 lolioli the Basher (level 11, -7/66 HPs)
             Began as a Gargoyle Reaver on Sept 12, 2023.
             Was a Priest of Sif Muna.
             Mangled by a sun demon (11 damage)
             ... summoned by a kobold demonologist
             ... on level 10 of the Dungeon.
             The game lasted 00:26:28 (10161 turns).

lolioli the Basher (Gargoyle Reaver)               Turns: 10161, Time: 00:26:29

Health: -7/66      AC: 16    Str: 20    XL:     11   Next: 31%
Magic:  14/14      EV: 19    Int: 20    God:    Sif Muna [***...]
Gold:   570        SH:  0    Dex: 12    Spells: 11/14 levels left

rFire   . . .        a - +3 dire flail (protect)
rCold   + . .        (shield currently unavailable)
rNeg    + . .        E - +0 steam dragon scales
rPois   ∞            (no helmet)
rElec   +            G - +0 cloak
rCorr   .            (no gloves)
SInv    .            h - +1 pair of boots
Will    .....        (no amulet)
Stlth   ++           b - ring of Heasch {rC+ Will+ Str+4 Int+6}
HPRegen 0.31/turn    J - +5 ring of evasion
MPRegen 0.14/turn

%: no passive effects
@: weak-willed, spiked
A: sickness immunity, AC +8, negative energy resistance 1, electricity
resistance, torment resistance 1, petrification resistance
a: Renounce Religion, Channel Magic, Forget Spell


You were on level 10 of the Dungeon.
You worshipped Sif Muna.
Sif Muna was most pleased with you.
You visited 2 branches of the dungeon, and saw 11 of its levels.

You collected 570 gold pieces.

Inventory:

Hand Weapons
 a - a +3 dire flail of protection (weapon)
 u - a +1 whip of flaming
 y - a +2 whip of freezing
 A - a +0 mace
Missiles
 L - 2 throwing nets
Armour
 e - an orb of light
 h - a +1 pair of boots (worn)
 B - the orb of Kutaut {*Rage, Harm rElec}
   (You found it on level 6 of the Dungeon)

   rElec:     It insulates you from electricity.
   Harm:      It increases damage dealt and taken.
 E - +0 steam dragon scales (worn)
 G - a +0 cloak (worn)
 O - a +0 troll leather armour
Magical Staves
 s - a staff of fire
Jewellery
 b - the ring of Heasch (left hand) {rC+ Will+ Str+4 Int+6}
   (You acquired it on level 8 of the Dungeon)

   [ring of intelligence]

   Str+4:     It affects your strength (+4).
   Int+6:     It affects your intelligence (+6).
   rC+:       It protects you from cold.
   Will+:     It increases your willpower.
 x - a ring of see invisible
 J - a +5 ring of evasion (right hand)
 K - a +4 ring of protection
Wands
 z - a wand of polymorph (6)
 C - a wand of paralysis (4)
 N - a wand of flame (9)
Scrolls
 g - 2 scrolls of poison
 i - 2 scrolls of immolation
 j - a scroll of teleportation
 l - a scroll of revelation
 n - a scroll of enchant armour
 I - a scroll of torment {unknown}
 M - a scroll of blinking {unknown}
Potions
 c - 4 potions of curing
 d - 2 potions of attraction
 m - a potion of invisibility
 o - a potion of haste
 p - 2 potions of might
 q - 2 potions of mutation
 r - a potion of resistance
 w - 3 potions of lignification
 D - a potion of enlightenment
 F - a potion of ambrosia {unknown}


   Skills:
 + Level 6.4 Fighting
 - Level 12.4 Maces & Flails
 + Level 5.8 Dodging
 - Level 2.3 Stealth
 - Level 2.4 Spellcasting
 - Level 5.8 Conjurations
 - Level 6.3 Evocations


You had 11 spell levels left.
You knew the following spells:

 Your Spells              Type           Power      Damage    Failure   Level
a - Kiss of Death         Conj/Necr      56%        2d9       4%          1
b - Momentum Strike       Conj/Tloc      28%        3d8       7%          2

Your spell library contained the following spells:

 Spells                   Type           Power      Damage    Failure   Level
 Hailstorm                Conj/Ice       14%        3d5       14%         3
 Sting                    Tmut/Pois      8%         1d3       16%         1
 Poisonous Vapours        Pois/Air       4%         N/A       22%         2
 Call Canine Familiar     Summ           2%         N/A       41%         3
 Sigil of Binding         Hex            2%         N/A       41%         3
 Dimensional Bullseye     Hex/Tloc       1%         N/A       83%         4
 Leda's Liquefaction      Hex/Erth       1%         N/A       83%         4
 Olgreb's Toxic Radiance  Pois           2%         N/A       83%         4


Dungeon Overview and Level Annotations

Branches:
Dungeon (10/15)            Temple (1/1) D:6            Lair (0/5) D:8
    Orc: D:9-12

Altars:
Ashenzari
Cheibriados
Dithmenos
Elyvilon
Fedhas
Gozag
Hepliaklqana
Kikubaaqudgha
Makhleb
Nemelex Xobeh
Okawaru
Qazlal
Ru
Sif Muna
Trog
Uskayaw
Vehumet
Wu Jian
Xom
Yredelemnul
Zin
The Shining One

Shops:
D:9 (

Annotations:
D:3 Sigmund
D:4 1 runed translucent door


Innate Abilities, Weirdness & Mutations

You are immune to sickness and miasma.
Your stone body is resilient. (AC +8)
You are immune to poison.
You resist negative energy. (rN+)
You are resistant to electric shocks. (rElec)
You are resistant to unholy torment.
You are immune to petrification.


Message History

The red devil hits you with a +0 trident!
* * * LOW HITPOINT WARNING * * *
Barbed spikes become lodged in your body.
A troll comes into view.
The kobold demonologist barely misses you.
The sun demon hits you.
* * * LOW HITPOINT WARNING * * *
You are engulfed in flames!
* * * LOW HITPOINT WARNING * * *
Okay, then.
You feel much better.
An orc warrior comes into view. It is wielding a +0 halberd.
The red devil barely misses you.
The kobold demonologist hits you but does no damage.
The sun demon misses you.
As you read the scroll labelled CABUTTAO YSTRE, it crumbles to dust.
It is a scroll of enchant weapon.
Your +2 dire flail of protection glows red for a moment.
The sun demon completely misses you.
The red devil hits you with a +0 trident.
Barbed spikes become lodged in your body.
The kobold demonologist hits you but does no damage.
As you read the scroll labelled IKKAXYOPHE, it crumbles to dust.
Magic quickly surges around you.
It was a scroll of vulnerability.
The red devil disappears in a puff of smoke!
The sun demon closely misses you. The orc warrior barely misses you.
The kobold demonologist closely misses you.
The sun demon hits you.
* * * LOW HITPOINT WARNING * * *
You are engulfed in flames!
* * * LOW HITPOINT WARNING * * *
Unknown command.
As you read the scroll labelled MOPLISCH VEIM, it crumbles to dust.
You hear a loud clanging noise!
It was a scroll of noise.
You hear a shout! x2
The orc warrior hits you but does no damage.
The kobold demonologist miscasts a cantrip.
The sun demon hits you!
You die...

.....#......#
.....#......#######..
.....#...............
.....##'####....##.. #
...........#...## .#.#
...........#...###...#
...........###...o#
...............3#.#
................@K#
....#####+##...###T.#
....# #...# .#.# ....#
#...# .. .# ....#
#.... #.
....########.... #
...)...........
...........
.##########


You could see a sun demon (summoned, weak-willed), a kobold demonologist
(weak-willed), a troll (weak-willed) and an orc warrior (weak-willed).

Vanquished Creatures
  Erica (D:8)
  A two-headed ogre (D:9)
  Pikel (D:4)
  Maggie (D:8)
  Psyche (D:8)
  A tengu conjurer (D:8)
  Grinder (D:6)
  A troll (D:9)
  A wyvern (D:7)
  2 steam dragons
  Edmund (D:4)
  Menkaure (D:4)
  An acid dragon (D:8)
  2 water moccasins
  3 orc warriors
  A swamp drake (D:7)
  An ice beast (D:7)
  3 sky beasts
  5 black bears
  4 centaurs
  5 ogres
  3 phantoms
  4 kobold brigands
  2 bullfrogs (D:8)
  2 scorpions
  6 wights
  8 killer bees
  5 howler monkeys
  7 hounds
  A gnoll bouda (D:6)
  3 orc priests
  Crazy Yiuf (D:7)
  5 jellies
  2 sleepcaps (D:6)
  Ijyb (D:3)
  A human skeleton (D:4)
  8 iguanas
  8 orc wizards
  5 adders
  6 gnolls
  A shadow imp (D:7)
  3 ufetubi
  4 dart slugs
  18 orcs
  6 endoplasms
  2 giant cockroaches
  2 goblins
  5 hobgoblins
  23 kobolds
  9 quokkas
  3 training dummies (D:9)
  3 ball pythons
  5 bats
  4 frilled lizards
  6 rats
210 creatures vanquished.

Notes
Turn   | Place    | Note
-------+----------+-------------------------------------------
     0 | D:1      | lolioli the Gargoyle Reaver began the quest for the Orb.
     0 | D:1      | Reached XP level 1. HP: 12/12 MP: 3/3
    67 | D:1      | Reached skill level 1 in Stealth
   158 | D:1      | Reached XP level 2. HP: 17/17 MP: 5/5
   447 | D:1      | Reached XP level 3. HP: 21/21 MP: 6/6
   957 | D:2      | Found a faded altar of an unknown god.
  1227 | D:3      | Reached skill level 4 in Maces & Flails
  1227 | D:3      | Reached XP level 4. HP: 11/26 MP: 7/7
  1697 | D:3      | Noticed Sigmund
  1831 | D:4      | Found a runed translucent door.
  1831 | D:4      | Noticed a human
  1850 | D:4      | Reached skill level 5 in Maces & Flails
  1850 | D:4      | Reached XP level 5. HP: 20/30 MP: 8/8
  2134 | D:4      | Noticed a black bear
  2144 | D:4      | Killed a black bear
  2145 | D:4      | Reached skill level 5 in Conjurations
  2145 | D:4      | Reached XP level 6. HP: 24/35 MP: 9/9
  2243 | D:3      | Learned a level 2 spell: Momentum Strike
  2259 | D:3      | Noticed Ijyb
  2265 | D:3      | Killed Ijyb
  2625 | D:4      | Found a hide-covered altar of Uskayaw.
  2625 | D:4      | Found a sacrificial altar of Ru.
  2626 | D:4      | Found a radiant altar of Vehumet.
  2626 | D:4      | Found a blossoming altar of Fedhas.
  2629 | D:4      | Found a shimmering blue altar of Sif Muna.
  2630 | D:4      | Found a shimmering altar of Xom.
  2663 | D:4      | Became a worshipper of Sif Muna the Loreminder
  2737 | D:4      | Reached skill level 1 in Evocations
  2845 | D:4      | Noticed Menkaure
  2847 | D:4      | Killed Menkaure
  2848 | D:4      | Reached XP level 7. HP: 12/30 MP: 10/10
  2919 | D:4      | Found a basalt altar of Yredelemnul.
  2975 | D:4      | Noticed Edmund
  2985 | D:4      | Killed Edmund
  3028 | D:4      | Found a white marble altar of Elyvilon.
  3033 | D:4      | Noticed Pikel
  3037 | D:4      | Killed Pikel
  3038 | D:4      | Reached XP level 8. HP: 42/44 MP: 11/11
  3414 | D:4      | Reached skill level 6 in Maces & Flails
  3553 | D:5      | Entered Level 5 of the Dungeon
  3687 | D:5      | Reached skill level 7 in Maces & Flails
  4003 | D:5      | Found a stormy altar of Qazlal.
  4006 | D:5      | Noticed an air elemental
  4144 | D:5      | Reached XP level 9. HP: 9/38 MP: 7/12
  4664 | D:6      | Reached * piety under Sif Muna
  4973 | D:6      | Found a glowing golden altar of the Shining One.
  5244 | D:6      | Found a staircase to the Ecumenical Temple.
  5246 | D:6      | Noticed Grinder
  5256 | D:6      | Killed Grinder
  5265 | Temple   | Entered the Ecumenical Temple
  5307 | D:6      | Reached skill level 5 in Fighting
  5344 | D:6      | Identified the orb of Kutaut {*Rage, Harm rElec}
  5660 | D:6      | Reached skill level 5 in Dodging
  5940 | D:7      | Reached skill level 8 in Maces & Flails
  5940 | D:7      | Reached XP level 10. HP: 59/59 MP: 13/13
  6276 | D:7      | Found a sparkling altar of Nemelex Xobeh.
  6342 | D:7      | Reached ** piety under Sif Muna
  6386 | D:7      | Found a runed translucent door.
  6387 | D:7      | Noticed Crazy Yiuf
  6660 | D:7      | Reached skill level 9 in Maces & Flails
  7347 | D:7      | Killed Crazy Yiuf
  7392 | D:8      | Noticed Erica
  7432 | D:8      | Noticed Psyche
  7439 | D:8      | Killed Psyche
  7440 | D:8      | Reached skill level 10 in Maces & Flails
  7610 | D:8      | Noticed Maggie
  7620 | D:8      | Killed Maggie
  7662 | D:8      | Reached skill level 11 in Maces & Flails
  7879 | D:8      | Killed Erica
  7879 | D:8      | Reached *** piety under Sif Muna
  7977 | D:8      | Reached XP level 11. HP: 43/64 MP: 14/14
  8078 | D:8      | Found an opulent altar of Gozag.
  8225 | D:8      | Reached skill level 12 in Maces & Flails
  8434 | D:8      | Found a staircase to the Lair.
  8848 | D:8      | Identified a scroll of acquirement
  8848 | D:8      | Acquired the ring of Heasch {rC+ Will+ Str+4 Int+6}
  8977 | D:9      | Found Alezeweu's Firing Range.
  9147 | D:9      | Noticed a two-headed ogre
  9154 | D:9      | Killed a two-headed ogre
 10100 | D:10     | Entered Level 10 of the Dungeon
 10122 | D:10     | Identified the +0 sling of Udeqisei {flame, rCorr Int-5
                  | Dex+3}
 10153 | D:10     | Noticed a sun demon
 10160 | D:10     | HP: 3/66 [sun demon[a kobold demonologist] (14)]
 10161 | D:10     | Mangled by a sun demon

Illustrated notes

Levels and vault maps discovered:
D:1:      scummos_arrival_simple_fountains, layout_rooms,
          hangedman_decor_peaks_small
D:2:      layout_rooms, chequers_ecumenical_altar_lobes
D:3:      layout_loops_ring, uniq_sigmund, uniq_ijyb
D:4:      layout_loops_ring, dk_yredelemnul_ordeal, elyvilon_altar_3,
          grunt_temple_overflow_open, skrybe_limestone_x, uniq_menkaure,
          uniq_edmund, uniq_pikel
D:5:      layout_rooms, nicolae_qazlal_style_of_elements
D:6:      layout_loops_cross, tso_metal_star, minmay_temple_entry_wispy,
          serial_bayou_pond_b, hangedman_minor_gate_pass, uniq_grinder
D:7:      wad_lake_hut, layout_basic, nemelex_spade_bored_becter,
          uniq_crazy_yiuf_cottage
D:8:      layout_layer_cave, mainiacjoe_overflow_six_doors_small,
          grunt_lair_entry_orc_guard_hut, hangedman_decor_riveting,
          kennysheep_pointless_box, chequers_serial_rivers_small_a,
          kennysheep_cross_room, uniq_maggie, uniq_erica, uniq_psyche
D:9:      layout_grid_maze, nicolae_shop_firing_range
D:10:     layout_irregular_city, minmay_starry_boxes, uniq_erolcha, uniq_fannar,
          uniq_urug, uniq_gastronok
Temple:   hellmonk_temple_beads

Skill      XL: |  1  2  3  4  5  6  7  8  9 10 11 |
---------------+----------------------------------+-----
Stealth        | 1 2 |  2.3
Maces & Flails | 4 5 7 8 11 12 | 12.4
Conjurations   | 5 |  5.8
Evocations     | 2 6 |  6.3
Dodging        | 5 |  5.8
Fighting       | 5 6 |  6.4
Spellcasting   | |  2.4

Action                     |  1- 3 |  4- 6 |  7- 9 | 10-12 || total
---------------------------+-------+-------+-------+-------++-------
  Melee: Mace              |   117 |    71 |    25 |       ||   213
         Punch             |     1 |       |       |       ||     1
         Whip              |       |       |   336 |   197 ||   533
         Dire flail        |       |       |       |   217 ||   217
   Cast: Kiss of Death     |       |     6 |     2 |     1 ||     9
         Momentum Strike   |       |       |     4 |     6 ||    10
  Evoke: Wand              |       |     2 |    16 |    25 ||    43
    Use: Scroll            |     1 |       |     7 |    13 ||    21
         Potion            |       |       |       |     3 ||     3
   Stab: Sleeping          |     1 |       |       |       ||     1
         Paralysed         |       |       |    13 |    44 ||    57
 Armour: Leather armour    |    65 |    57 |    26 |       ||   148
         Robe              |       |       |   130 |       ||   130
         Steam dragon scal |       |       |    35 |   278 ||   313
  Dodge: Dodged            |    71 |    31 |   174 |   366 ||   642

Table legend: (Time is in decaauts)
 A = Elapsed time spent in this place.
 B = Non-inter-level travel time spent in this place.
 C = Inter-level travel time spent in this place.
 D = Time resting spent in this place.
 E = Time spent auto-exploring this place.
 F = Levels seen in this place.
 G = Mean time per level.
                   A        B        C        D        E       F      G
               +--------+--------+--------+--------+--------+-----+--------+
         Total |  10014 |   9743 |    271 |   1651 |   5736 |  11 |  910.4 |
       Dungeon |  10012 |   9741 |    271 |   1651 |   5736 |  10 | 1001.2 |
        Temple |      1 |      1 |      0 |      0 |      0 |   1 |    1.0 |
               +--------+--------+--------+--------+--------+-----+--------+

Top non-repeatable levels by time:
     D:7: 1610 daAuts
     D:6: 1405 daAuts
     D:8: 1375 daAuts
     D:4: 1342 daAuts
     D:9: 1161 daAuts
     D:3: 1079 daAuts
     D:5: 811 daAuts
     D:1: 633 daAuts
     D:2: 535 daAuts
    D:10: 58 daAuts
  Temple: 1 daAuts
